 Dungeon Crawl Stone Soup version 0.26-a0-1191-ge2a0e31ab3 (webtiles) character file.

Game seed: 11450984350451679446

111 vvl the Firebug (level 4, -4/30 HPs)
             Began as a Demonspawn Fire Elementalist on Dec 28, 2020.
             Slain by a gnoll
             ... wielding a +0 halberd
              (19 damage)
             ... on level 3 of the Dungeon.
             The game lasted 00:07:00 (2271 turns).

vvl the Firebug (Demonspawn Fire Elementalist)      Turns: 2271, Time: 00:07:02

Health: -4/30      AC:  4    Str:  8    XL:     4   Next: 62%
Magic:  2/7        EV: 12    Int: 17    God:
Gold:   123        SH:  0    Dex: 14    Spells: 7/8 levels left

rFire    . . .     SeeInvis .   e - +1 dagger (venom)
rCold    . . .     Faith    .   (no shield)
rNeg     . . .     Spirit   .   a - +0 robe
rPois    .         Reflect  .   c - +0 helmet
rElec    .         Harm     .   (no cloak)
rCorr    .         Rampage  .   p - +0 pair of gloves
Will     .....                  (no boots)
Stlth    ++........             (no amulet)
HPRegen  0.10/turn              (no ring)
MPRegen  0.10/turn              (no ring)

@: no status effects
A: hooves 1, spiny 1
a: no special abilities


You were on level 3 of the Dungeon.
You visited 1 branch of the dungeon, and saw 3 of its levels.

You collected 123 gold pieces.

Inventory:

Hand Weapons
 e - a +1 dagger of venom (weapon)
Armour
 a - a +0 robe (worn)
 c - a +0 helmet (worn)
 p - a +0 pair of gloves (worn)
Magical Staves
 q - an uncursed staff of poison
Scrolls
 b - 2 scrolls of fog {unknown}
 g - 3 scrolls of remove curse {unknown}
 h - a scroll of teleportation {unknown}
 i - a scroll of immolation {unknown}
 l - a scroll of magic mapping {unknown}
 n - a scroll of identify {unknown}
Potions
 d - 2 potions of heal wounds {unknown}
 f - a potion of berserk rage {unknown}
 j - 2 potions of curing {unknown}
 k - a potion of degeneration {unknown}
 m - 2 potions of brilliance {unknown}
 o - a potion of lignification {unknown}


   Skills:
 - Level 1.7 Dodging
 - Level 1.7 Stealth
 + Level 2.6 Spellcasting
 + Level 2.1 Conjurations
 + Level 1.9 Necromancy
 + Level 3.2 Fire Magic
 + Level 1.6 Evocations


You had 7 spell levels left.
You knew the following spells:

 Your Spells              Type           Power        Failure   Level
a - Foxfire               Conj/Fire      44%          6%          1

Your spell library contained the following spells:

 Spells                   Type           Power        Failure   Level
 Conjure Flame            Conj/Fire      11%          19%         3
 Inner Flame              Hex/Fire       7%           28%         3
 Sticky Flame             Conj/Fire      11%          52%         4
 Fireball                 Conj/Fire      5%           86%         5


Dungeon Overview and Level Annotations

Branches:
Dungeon (3/15)

Altars:
Ashenzari
Uskayaw
Vehumet


Innate Abilities, Weirdness & Mutations

You have large cloven feet.
You are partially covered in sharp spines.


Message History

You kill the jackal!
The gnoll hits you.
You hit the gnoll.
The gnoll looks as sick as possible!
You kick the gnoll.
The gnoll is almost dead.
The gnoll closely misses you.
You kill the gnoll!
The gnoll closely misses you.
Things that are here:
a +1 hand axe of flaming; an orc corpse The ball python is struck by your spines.
The ball python bites you but does no damage.
The gnoll closely misses you.
You hit the gnoll but do no damage.
The gnoll is poisoned.
You kick the gnoll.
The gnoll is lightly wounded.
A giant cockroach comes into view.
The ball python is struck by your spines.
You kill the ball python!
The gnoll is struck by your spines. The gnoll hits you with a +0 halberd!!
Ouch! That really hurt!
You die...

##### #....##
.......## ...._...#
..$.....#######
..#####)....<.#
..#..(#.......#
..#..(#.....).#######
..#####.....†@.......
.............g#######
##.(.>......).)#
##..###..####.B. #...
##...##.##. #...
........# ..
........# .o.....##
.......## ###


You could see a gnoll (very poisoned) and a giant cockroach (wandering).

Vanquished Creatures
  An orc priest (D:2)
  A gnoll (D:3)
  2 adders (D:2)
  A worm (D:2)
  3 dart slugs (D:1)
  2 orcs (D:3)
  5 bats
  5 giant cockroaches
  8 goblins
  3 hobgoblins
  2 jackals (D:3)
  2 ball pythons
  2 frilled lizards (D:1)
  5 kobolds (D:1)
  2 rats
44 creatures vanquished.

Vanquished Creatures (others)
  56 foxfires
56 creatures vanquished.

Grand Total: 100 creatures vanquished

Notes
Turn   | Place    | Note
-------+----------+-------------------------------------------
     0 | D:1      | vvl the Demonspawn Fire Elementalist began the quest for
                  | the Orb.
     0 | D:1      | Reached XP level 1. HP: 13/13 MP: 3/3
   300 | D:1      | Gained mutation: You have large cloven feet. [demonic
                  | ancestry]
   300 | D:1      | Reached XP level 2. HP: 19/19 MP: 0/5
   578 | D:1      | Found a broken altar of Ashenzari.
   719 | D:1      | Reached skill level 1 in Necromancy
   882 | D:1      | Reached skill level 1 in Evocations
   882 | D:1      | Gained mutation: You are partially covered in sharp spines.
                  | [demonic ancestry]
   882 | D:1      | Reached XP level 3. HP: 13/24 MP: 0/6
  1122 | D:1      | Reached skill level 3 in Fire Magic
  1725 | D:2      | Found a radiant altar of Vehumet.
  2073 | D:2      | Reached XP level 4. HP: 16/30 MP: 7/7
  2229 | D:3      | Noticed a +0 dagger
  2230 | D:3      | Found a hide-covered altar of Uskayaw.
  2230 | D:3      | Noticed a +0 hand axe
  2271 | D:3      | Slain by a gnoll

Illustrated notes

Levels and vault maps discovered:
D:1:      dpeg_arrival_chambers_temple_mockup, layout_basic, ashenzari_altar_1
D:2:      layout_loops_ring, vehumet_crystals, minmay_misc_feat_alley
D:3:      layout_rooms, dancing_weapons_uskayaw, minmay_pentangle

Skill      XL: |  1  2  3  4 |
---------------+-------------+-----
Necromancy     | 1 |  1.9
Evocations     | 1 |  1.6
Fire Magic     | 3 |  3.2
Conjurations   | 2 |  2.1
Dodging        | |  1.7
Stealth        | |  1.7
Spellcasting   | |  2.6

Action                   |  1- 3 |  4- 6 || total
-------------------------+-------+-------++-------
Melee: Unarmed           |     9 |       ||     9
       Dagger            |    54 |    21 ||    75
       Kick              |    10 |     3 ||    13
 Cast: Foxfire           |    26 |     6 ||    32
 Stab: Sleeping          |     1 |       ||     1
Armor: Robe              |    21 |     4 ||    25
Dodge: Dodged            |    57 |    17 ||    74

Table legend: (Time is in decaauts)
 A = Elapsed time spent in this place.
 B = Non-inter-level travel time spent in this place.
 C = Inter-level travel time spent in this place.
 D = Time resting spent in this place.
 E = Time spent auto-exploring this place.
 F = Levels seen in this place.
 G = Mean time per level.
                   A        B        C        D        E       F      G
               +--------+--------+--------+--------+--------+-----+--------+
         Total |   2271 |   2106 |    165 |    133 |   1685 |   3 |  757.0 |
       Dungeon |   2271 |   2106 |    165 |    133 |   1685 |   3 |  757.0 |
               +--------+--------+--------+--------+--------+-----+--------+

Top non-repeatable levels by time:
     D:1: 1347 daAuts
     D:2: 877 daAuts
     D:3: 45 daAuts
